Map: [ESL] Data-C

Players

MaNa

  • Race: Protoss Protoss
  • Spawn Location: 3:00

Hellraiser - Winner!

  • Race: Protoss Protoss
  • Spawn Location: 9:00

Event: DreamHack SC2 Masters 2022 Atlanta (Online)

VOD

Have the link to the VOD?

Description

Time

  • Played on: Oct. 7, 2022, 1:21 p.m.
  • Length: 22:13

All games in this series

Show
View Real Time Build Order
Export as new Build Order

MaNa Protoss 

Build Orders: Phoenix Opening 

Get SALT Encoding   

  12  0:00  Probe  
  13  0:12  Probe  
  14  0:17  Pylon  
  14  0:24  Probe  
  15  0:35  Gateway  
  15  0:38  Probe (Chrono Boost)  
  16  0:47  Probe (Chrono Boost), Assimilator  
  17  0:52  Probe (Chrono Boost)  
  19  1:04  Probe (Chrono Boost)  
  19  1:05  Assimilator  
  19  1:08  Pylon  
  19  1:13  Probe (Chrono Boost)  
  20  1:18  Probe  
  20  1:24  Cybernetics Core  
  21  1:30  Probe  
  21  1:31  Zealot  
  24  1:42  Probe  
  25  1:54  Probe  
  26  2:03  Stargate  
  26  2:08  Probe  
  27  2:09  Stalker  
  29  2:20  Probe  
  30  2:23  Pylon  
  30  2:26  Warp Gate  
  30  2:32  Probe  
  31  2:43  Nexus  
  31  2:46  Probe  
  32  2:55  Phoenix (Chrono Boost)  
  34  2:59  Probe  
  35  3:09  Gateway  
  35  3:15  Phoenix  
  35  3:19  Probe  
  38  3:27  Robotics Facility  
  38  3:31  Probe  
  39  3:38  Pylon  
  39  3:55  Phoenix, Probe (Chrono Boost)  
  42  3:56  Probe (Chrono Boost)  
  42  4:01  Forge  
  43  4:05  Probe x2 (Chrono Boost)  
  45  4:10  Probe x2 (Chrono Boost)  
  45  4:16  Observer  
  48  4:20  Assimilator  
  48  4:21  Probe  
  48  4:23  Probe  
  50  4:25  Phoenix  
  52  4:33  Protoss Ground Weapons Level 1, Probe  
  52  4:35  Probe  
  52  4:38  Pylon  
  54  4:45  Probe  
  54  4:47  Probe  
  54  4:50  Immortal (Chrono Boost)  
  60  4:57  Probe  
  60  4:59  Probe  
  62  5:02  Sentry  
  64  5:07  Nexus  
  64  5:10  Probe  
  65  5:14  Pylon  
  65  5:18  Probe  
  66  5:22  Pylon  
  66  5:27  Immortal (Chrono Boost)  
  70  5:32  Probe  
  70  5:33  Pylon  
  70  5:34  Probe  
  72  5:37  Observer  
  70  5:42  Stalker  
  70  5:43  Stalker  
  70  5:46  Shield Battery  
  74  5:58  Twilight Council, Gateway, Probe  
  74  5:59  Probe  
  74  6:03  Immortal (Chrono Boost)  
  80  6:12  Cybernetics Core  
  80  6:20  Probe x2  
  80  6:22  Stalker  
  80  6:23  Stalker  
  86  6:28  Cybernetics Core  
  86  6:33  Blink (Chrono Boost)  
  86  6:35  Warp Prism  
  88  6:43  Protoss Ground Weapons Level 2  
  88  6:48  Observer  
  88  6:50  Probe  
  89  6:55  Stalker x3  
  89  6:57  Probe x2  
  95  7:03  Assimilator  
  95  7:04  Shield Battery, Probe  
  96  7:09  Probe  
  97  7:17  Gateway  
  97  7:20  Gateway  
  97  7:21  Stalker x2  
  100  7:31  Probe, Cybernetics Core  
  101  7:37  Gateway  
  101  7:45  Nexus  
  101  7:47  Pylon  
  101  7:50  Pylon  
  101  8:00  Gateway x2  
  101  8:01  Gateway  
  101  8:03  Templar Archives, Assimilator  
  101  8:05  Probe x3  
  104  8:08  Shield Battery  
  104  8:10  Zealot x2  
  104  8:11  Zealot  
  110  8:15  Shield Battery  
  110  8:17  Shield Battery, Probe  
  111  8:24  Photon Cannon  
  111  8:25  Pylon  
  111  8:36  Pylon  
  111  8:39  High Templar, Pylon  
  111  8:40  High Templar  
  115  8:44  Archon  
  115  8:47  Zealot x4  
  123  8:55  Zealot x2  
  109  8:56  Zealot  
  99  9:03  Warp Prism  
  99  9:04  Charge (Chrono Boost)  
  99  9:08  High Templar x4  
  109  9:12  Archon  
  109  9:14  Zealot x2  
  109  9:15  Zealot x2  
  109  9:16  Probe  
  109  9:17  Probe  
  111  9:20  Stalker  
  86  9:37  Stalker x4  
  94  9:40  Stalker x2  
  95  9:46  Stalker x2  
  95  9:50  Stalker  
  100  10:01  Stalker x3  
  106  10:08  Stalker x2  
  110  10:16  Observer  
  110  10:18  Stalker x3  
  116  10:24  Protoss Ground Weapons Level 3 (Chrono Boost)  
  116  10:34  Pylon  
  116  10:37  Nexus  
  115  10:50  Assimilator  
  115  10:52  Probe  
  115  10:54  Pylon  
  116  10:58  Probe x2  
  118  11:07  Pylon  
  110  11:25  Immortal  
  102  11:26  Probe x2  
  102  11:28  Zealot  
  102  11:29  Zealot x3, High Templar x4  
  102  11:30  Zealot  
  122  11:34  Archon x2  
  122  11:35  Shield Battery  
  108  11:51  Zealot x3  
  100  11:57  Stalker  
  100  11:59  Stalker  
  92  12:02  Immortal (Chrono Boost)  
  92  12:06  Probe  
  97  12:14  High Templar  
  97  12:15  High Templar  
  101  12:18  Probe (Chrono Boost)  
  101  12:19  Archon  
  101  12:21  Probe x2 (Chrono Boost)  
  105  12:30  Probe (Chrono Boost), Stalker x3  
  105  12:33  Robotics Bay  
  105  12:34  Observer (Chrono Boost)  
  114  12:44  Probe (Chrono Boost)  
  114  12:48  Stalker x3  
  114  12:49  Probe x2 (Chrono Boost)  
  121  12:54  Stalker x2  
  113  12:59  Zealot x2  
  113  13:03  Immortal (Chrono Boost)  
  116  13:11  Probe  
  116  13:12  Probe x2  
  123  13:20  Sentry  
  123  13:23  Photon Cannon  
  123  13:24  Shield Battery  
  123  13:26  Photon Cannon  
  125  13:28  Pylon  
  125  13:35  Observer  
  125  13:37  Nexus  
  126  13:43  Robotics Facility  
  126  13:47  High Templar x2  
  130  13:49  Zealot x2  
  130  13:51  Archon  
  130  13:53  Probe  
  130  13:54  Probe x3  
  138  13:56  Disruptor  
  135  14:12  Stalker  
  135  14:13  Stalker x4  
  137  14:31  Disruptor  
  140  14:44  Stalker x2  
  138  14:50  Stalker x7  
  103  15:11  Disruptor (Chrono Boost)  
  107  15:14  Stalker x2  
  107  15:15  Zealot x3  
  107  15:17  Disruptor (Chrono Boost), Assimilator  
  117  15:21  Probe  
  117  15:22  Probe  
  117  15:24  Shield Battery  
  117  15:27  Shield Battery  
  119  15:35  Assimilator x2  
  119  15:37  Zealot x2  
  119  15:38  Disruptor (Chrono Boost)  
  114  15:49  Observer (Chrono Boost)  
  106  15:55  Nexus  
  105  16:10  Stalker x3  
  111  16:15  Photon Cannon  
  111  16:16  Probe x2  
  113  16:19  Observer  
  114  16:29  Stalker x2, Pylon  
  111  16:44  Zealot x4  
  111  16:45  Zealot x2  
  119  16:53  Phoenix (Chrono Boost)  
  118  16:57  Observer, Stalker  
  118  16:59  Stalker  
  125  17:01  Probe  
  125  17:10  Stalker x2  
  129  17:29  Probe x3  
  132  17:34  Zealot  
  132  17:40  Disruptor  
  132  17:42  Nexus  
  135  17:46  Observer  
  136  17:54  Pylon  
  134  17:59  Observer  
  134  18:00  Zealot x4  
  134  18:01  Zealot  
  143  18:08  Observer  
  143  18:16  Stalker x4  
  151  18:22  Disruptor  
  151  18:23  Probe x3  
  157  18:30  Pylon  
  148  18:39  Zealot  
  148  18:40  Zealot x3  
  144  18:42  Probe x2  
  140  18:54  Probe x5  
  145  19:06  Probe  
  119  19:23  Zealot, Stalker x7  
  127  19:27  Disruptor  
  120  19:49  High Templar x2  
  124  19:53  Nexus, Archon  
  124  19:54  Pylon  
  124  19:56  Disruptor  
  124  19:59  Zealot x3  
  116  20:26  Probe x2  
  116  20:28  Photon Cannon  
  118  20:30  Photon Cannon  
  118  20:31  Shield Battery  
  118  20:32  Pylon  
  118  20:35  Disruptor  
  96  20:50  Zealot x9  
  111  21:02  Photon Cannon  
  111  21:05  Probe x4  
  114  21:14  Stalker x2  
  114  21:17  Probe x3  
  121  21:22  Stalker  
  121  21:23  Observer  
Show
View Real Time Build Order
Export as new Build Order

Hellraiser Protoss - Winner!

Build Orders: 1 Gate Expand, Blink Stalkers 

Get SALT Encoding   

  12  0:01  Probe  
  13  0:13  Probe  
  14  0:20  Pylon  
  14  0:25  Probe  
  15  0:38  Probe (Chrono Boost)  
  15  0:39  Gateway  
  16  0:48  Assimilator  
  16  0:49  Probe (Chrono Boost)  
  17  0:53  Probe (Chrono Boost)  
  18  0:59  Pylon  
  18  1:04  Probe  
  19  1:16  Probe  
  20  1:26  Cybernetics Core  
  20  1:31  Pylon  
  20  1:44  Nexus  
  20  1:50  Pylon  
  20  1:53  Probe  
  21  2:00  Stalker (Chrono Boost)  
  21  2:05  Warp Gate (Chrono Boost), Probe  
  24  2:10  Assimilator  
  24  2:16  Pylon  
  24  2:17  Probe  
  25  2:27  Stalker (Chrono Boost)  
  25  2:29  Probe  
  28  2:41  Probe  
  28  2:45  Gateway  
  28  2:49  Shield Battery  
  28  2:57  Stalker (Chrono Boost)  
  30  3:00  Probe  
  30  3:03  Probe  
  32  3:12  Probe  
  33  3:15  Probe  
  33  3:17  Twilight Council  
  34  3:24  Probe  
  35  3:28  Probe (Chrono Boost)  
  35  3:32  Shield Battery  
  36  3:40  Probe (Chrono Boost)  
  38  3:41  Probe (Chrono Boost)  
  38  3:47  Stalker x2  
  38  3:48  Probe (Chrono Boost)  
  43  3:50  Probe (Chrono Boost)  
  43  3:53  Blink (Chrono Boost), Pylon  
  43  3:54  Probe  
  44  4:00  Probe  
  46  4:06  Probe  
  46  4:08  Robotics Facility  
  45  4:18  Probe  
  46  4:26  Gateway  
  46  4:27  Gateway  
  46  4:30  Probe x2  
  48  4:34  Gateway  
  48  4:36  Stalker  
  50  4:40  Stalker  
  50  4:42  Probe  
  50  4:45  Probe  
  54  4:54  Probe, Pylon  
  54  4:56  Observer (Chrono Boost)  
  54  4:58  Probe  
  57  5:03  Assimilator  
  57  5:04  Stalker  
  57  5:06  Stalker  
  61  5:13  Warp Prism (Chrono Boost)  
  61  5:16  Pylon  
  63  5:24  Stalker  
  63  5:25  Stalker  
  67  5:28  Pylon  
  67  5:34  Stalker  
  69  5:42  Stalker x2  
  71  5:49  Probe x2  
  73  6:00  Nexus  
  73  6:08  Stalker x3  
  73  6:09  Stalker  
  81  6:18  Pylon  
  81  6:19  Probe x2  
  83  6:29  Charge (Chrono Boost)  
  83  6:31  Probe x2  
  83  6:40  Gateway  
  83  6:43  Probe  
  83  6:44  Gateway  
  83  6:45  Probe, Gateway  
  85  6:48  Stalker x2  
  84  6:55  Probe, Stalker  
  84  6:57  Probe  
  87  7:05  Stalker  
  87  7:07  Probe  
  90  7:09  Probe  
  91  7:19  Probe  
  91  7:22  Zealot x4  
  96  7:31  Zealot  
  96  7:35  Probe x2  
  99  7:37  Observer  
  99  7:41  Zealot x3  
  99  7:42  Zealot x2  
  108  7:45  Pylon  
  108  7:55  Pylon  
  108  7:59  Templar Archives  
  109  8:11  Pylon  
  109  8:14  Zealot x4  
  109  8:19  Observer  
  116  8:21  Probe x2  
  116  8:23  Probe  
  117  8:30  Zealot  
  117  8:31  Zealot x2  
  123  8:37  Zealot  
  125  8:43  Pylon  
  125  8:44  Forge  
  125  8:45  Probe  
  108  8:56  Stalker x7  
  108  8:58  Probe  
  108  9:02  Probe  
  114  9:04  Stalker  
  114  9:05  Probe  
  117  9:10  Probe  
  99  9:24  Protoss Ground Weapons Level 1 (Chrono Boost), Stalker  
  99  9:25  Stalker x5  
  99  9:30  Probe  
  106  9:31  Probe  
  106  9:34  Assimilator  
  105  9:42  Stalker x2  
  97  9:50  Stalker  
  97  9:51  Zealot x4  
  106  10:01  Nexus  
  106  10:06  Observer (Chrono Boost)  
  106  10:09  Probe x2  
  106  10:10  Probe  
  106  10:20  Immortal (Chrono Boost)  
  102  10:23  Stalker x2  
  102  10:24  Zealot x2  
  114  10:32  Shield Battery, Stalker  
  114  10:33  Stalker  
  118  10:41  Zealot, Stalker  
  120  10:44  Pylon  
  120  10:48  Immortal (Chrono Boost)  
  120  10:56  Probe  
  125  10:58  Probe, Pylon  
  125  11:03  Probe  
  127  11:08  Probe  
  127  11:10  Probe  
  128  11:12  Stalker x4  
  128  11:15  Probe  
  131  11:22  Stalker x3  
  130  11:26  Warp Prism (Chrono Boost)  
  130  11:30  Probe x2  
  130  11:31  Probe  
  134  11:35  Probe  
  131  11:42  Probe  
  131  11:47  Probe  
  129  11:49  Observer, Probe  
  129  11:50  Protoss Ground Weapons Level 2 (Chrono Boost)  
  129  11:52  Probe  
  113  11:54  Probe  
  113  11:59  Probe  
  99  12:04  Stalker x7  
  110  12:14  Assimilator, Stalker  
  110  12:15  Assimilator  
  111  12:25  Nexus  
  111  12:35  Pylon  
  111  12:36  Observer  
  112  12:38  Stalker x5  
  112  12:39  Zealot x3  
  112  13:07  Stalker x8  
  112  13:08  Immortal (Chrono Boost)  
  130  13:25  Shield Battery  
  130  13:29  Stalker x2  
  130  13:30  Stalker x4  
  130  13:32  Stalker  
  130  13:34  Stalker  
  146  13:42  Probe x2  
  146  13:43  Shield Battery  
  146  13:44  Protoss Ground Weapons Level 3 (Chrono Boost)  
  146  13:47  Probe  
  149  13:49  Probe x2, Pylon  
  149  13:51  Pylon  
  149  13:54  Probe  
  151  13:57  Stalker x3  
  151  14:01  Probe  
  156  14:05  Stalker x3  
  158  14:11  Zealot x2  
  158  14:12  Probe x2  
  158  14:15  Probe x2  
  166  14:22  Stalker x3  
  171  14:32  Zealot x5  
  169  14:46  Zealot x3  
  153  14:54  Stalker x2  
  153  14:55  Stalker x3  
  153  14:57  Probe  
  139  15:00  Probe x3  
  139  15:01  Pylon  
  139  15:04  Probe  
  141  15:08  Warp Prism (Chrono Boost)  
  143  15:16  Probe x2  
  145  15:22  Pylon  
  145  15:25  Dark Shrine  
  145  15:26  Zealot x5  
  155  15:28  Nexus  
  155  15:38  Observer  
  138  15:44  Observer  
  138  15:47  Stalker x3  
  138  15:48  Stalker x5  
  134  15:55  Robotics Bay  
  132  16:05  Pylon  
  132  16:11  Zealot x3  
  132  16:12  Zealot  
  132  16:13  Protoss Shields Level 1 (Chrono Boost), Stalker x4  
  148  16:19  Probe  
  148  16:23  Probe  
  148  16:42  Shadow Stride (Chrono Boost)  
  148  16:45  Probe x4  
  148  16:46  Probe  
  143  16:50  Gateway, Stalker x8  
  143  16:51  Gateway  
  143  16:52  Probe  
  152  16:56  Assimilator  
  152  16:57  Probe  
  152  16:59  Assimilator  
  152  17:00  Disruptor (Chrono Boost)  
  156  17:16  Stalker x7  
  170  17:24  Zealot  
  170  17:29  Disruptor (Chrono Boost)  
  175  17:40  Gateway  
  175  17:44  Zealot x8  
  175  17:46  Zealot x2  
  193  18:04  Protoss Ground Armor Level 1 (Chrono Boost)  
  193  18:11  Disruptor (Chrono Boost)  
  192  18:22  Zealot x4  
  194  18:41  Observer (Chrono Boost)  
  163  18:52  Zealot x11  
  179  18:58  Disruptor (Chrono Boost)  
  147  19:17  Stalker x3  
  147  19:18  Stalker x8  
  160  19:41  Stalker x3  
  160  19:42  Stalker x6  
  160  19:44  Zealot x2  
  182  19:46  Nexus  
  182  19:48  Gateway  
  182  19:49  Gateway, Pylon  
  182  19:52  Disruptor (Chrono Boost)  
  183  20:19  Disruptor (Chrono Boost)  
  172  20:25  Zealot x5  
  172  20:26  Zealot x6  
  184  20:48  Nexus  
  176  20:50  Zealot x10  
  176  20:51  Zealot x2  
  191  21:06  Observer (Chrono Boost)  
  192  21:14  Photon Cannon  
  192  21:18  Shield Battery, Zealot, Pylon  
  192  21:19  Gravitic Boosters (Chrono Boost), Zealot x3  
  192  21:20  Shield Battery  
  200  21:26  Pylon  
  200  21:29  Pylon  
  200  21:34  Pylon  
  200  21:36  Photon Cannon  
  200  21:37  Stalker  
  200  21:38  Stalker x7, Pylon  
  200  21:39  Photon Cannon  
  187  21:41  Stalker x5  
Tags
 
Add a new tag
Caveats
  • Supply blocks, unpowered buildings, or Contaminate may cause inaccurate times.
  • Supply counts are checked every 10 seconds.